| TOP OF THE 1ST |
|
Burlington Senators batting - Pitching for Greensboro Hornets : RHP Mark Dacko
|
|
Pitching: RHP Mark Dacko
|
|
|
Batting: LHB Daniel Spain
|
0-0: Ball 1-0: Ground out 3-1 (Groundball, 23, EV 83.1 MPH)
|
|
Batting: RHB Raymond Bresnahan
|
0-0: Called Strike 0-1: Ball 1-1: Swinging Strike 1-2: TRIPLE (Line Drive, 78XD, EV 102.5 MPH)
|
|
Batting: LHB John Skorochocki
|
0-0: Reached on error, E3 (Groundball, 34S, EV 73.1 MPH) Raymond Bresnahan scores
|
|
Batting: RHB Rick Schu
|
0-0: Ball 1-0: Called Strike 1-1: Fly out, F8 (Flyball, 78D, EV 90.0 MPH)
|
|
Batting: RHB Joseph Lorenz
|
0-0: Fielders Choice at 2nd, 6-4 (Groundball, 6, EV 84.4 MPH)
|
| Top of the 1st over - 1 run, 1 hit, 1 error, 1 left on base; Burlington 1 - Greensboro 0 |
| BOTTOM OF THE 1ST |
|
Greensboro Hornets batting - Pitching for Burlington Senators : RHP John Lackey
|
|
Pitching: RHP John Lackey
|
|
|
Batting: RHB Armando Moreno
|
0-0: Swinging Strike 0-1: Foul Ball, location: 2F 0-2: Foul Ball, location: 2F 0-2: Ball 1-2: Ground out 6-3 (Groundball, 4M, EV 103.8 MPH)
|
|
Batting: LHB Ozzie Guillen
|
0-0: Ball 1-0: Ground out 6-3 (Groundball, 6, EV 77.5 MPH)
|
|
Batting: LHB Fernando Vazquez
|
0-0: Ball 1-0: Foul Ball, location: 2F 1-1: SINGLE (Flyball, 5D, EV 91.3 MPH)
|
|
Batting: RHB Greg Jelks
|
0-0: Ball 1-0: Ball 2-0: SINGLE (Line Drive, 34D, EV 95.0 MPH) Fernando Vazquez to second Runner from 2nd tries for 3rd, SAFE, no throw by RF
|
|
Batting: LHB Francisco Melendez
|
0-0: Ball 1-0: Foul Ball, location: 2F 1-1: Ball 2-1: Foul Ball, location: 2F 2-2: Ground out U3 (Groundball, 13, EV 84.4 MPH)
|
| Bottom of the 1st over - 0 runs, 2 hits, 0 errors, 2 left on base; Burlington 1 - Greensboro 0 |
| TOP OF THE 2ND |
|
Burlington Senators batting - Pitching for Greensboro Hornets : RHP Mark Dacko
|
|
Batting: LHB Jesus Sandoval
|
0-0: Ball 1-0: Foul Ball, location: 2F 1-1: Called Strike 1-2: Foul Ball, location: 2F 1-2: Foul Ball, location: 2F 1-2: Foul Ball, location: 2F 1-2: Foul Ball, location: 2F 1-2: SINGLE (Line Drive, 89M, EV 99.4 MPH)
|
|
Batting: RHB Glenn Millhauser
|
0-0: Ground out 4-3 (Groundball, 4S, EV 66.3 MPH) Jesus Sandoval to second
|
|
Batting: RHB Ronnie Mears
|
0-0: Called Strike 0-1: Foul Ball, location: 2F 0-2: Foul Ball, location: 2F 0-2: SINGLE (Line Drive, 7S, EV 104.4 MPH) Jesus Sandoval to third
|
|
Batting: RHB Brad Bauman
|
0-0: Swinging Strike 0-1: Ball 1-1: Ball 2-1: Swinging Strike 2-2: Ball 3-2: Strikes out looking Ronnie Mears steals 2nd base Batter strikes out.
|
|
Batting: LHB Daniel Spain
|
0-0: Reached on error, E6 (Groundball, 6, EV 80.0 MPH) Jesus Sandoval scores Ronnie Mears scores
|
|
Batting: RHB Raymond Bresnahan
|
0-0: Ball 1-0: Ground out U3 (Groundball, 3, EV 87.5 MPH)
|
| Top of the 2nd over - 2 runs, 2 hits, 1 error, 1 left on base; Burlington 3 - Greensboro 0 |
| BOTTOM OF THE 2ND |
|
Greensboro Hornets batting - Pitching for Burlington Senators : RHP John Lackey
|
|
Batting: LHB Stephen DeMatties
|
0-0: Called Strike 0-1: Called Strike 0-2: Ball 1-2: SINGLE (Line Drive, 9S, EV 106.9 MPH)
|
|
Batting: LHB John Hughes
|
0-0: Ball 1-0: Called Strike 1-1: Ball 2-1: Ball 3-1: Base on Balls Stephen DeMatties to second
|
|
Batting: RHB Alexis Infante
|
0-0: Called Strike 0-1: Swinging Strike 0-2: Foul Ball, location: 2F 0-2: Ball 1-2: SINGLE (Line Drive, 6D, EV 101.9 MPH) Stephen DeMatties to third John Hughes to second Runner from 3rd tries for Home, SAFE, throw by CF to home
|
|
Batting: RHB John Lohse
|
0-0: Ball 1-0: Swinging Strike 1-1: Ball 2-1: Ball 3-1: Base on Balls John Hughes to third Alexis Infante to second
|
|
Batting: RHB Armando Moreno
|
0-0: Called Strike 0-1: Ball 1-1: Foul Ball, location: 2F 1-2: SINGLE (Groundball, 4D, EV 107.5 MPH) John Hughes scores Alexis Infante to third John Lohse to second Runner from 3rd tries for Home, SAFE, throw by RF to home
|
|
Batting: LHB Ozzie Guillen
|
0-0: Ball 1-0: Called Strike 1-1: SINGLE (Line Drive, 56D, EV 95.0 MPH) John Lohse to third Armando Moreno to second
|
|
Batting: LHB Fernando Vazquez
|
0-0: Called Strike 0-1: Swinging Strike 0-2: Ball 1-2: Foul Ball, location: 2F 1-2: DOUBLE (Flyball, 8LXD, EV 107.5 MPH) John Lohse scores Armando Moreno scores Ozzie Guillen to third
|
|
Batting: RHB Greg Jelks
|
0-0: Called Strike 0-1: Called Strike 0-2: Ground out 4-3 (Groundball, 4, EV 87.5 MPH) Ozzie Guillen scores Fernando Vazquez to third
|
|
Batting: LHB Francisco Melendez
|
0-0: Called Strike 0-1: Swinging Strike 0-2: Ball 1-2: Foul Ball, location: 2F 1-2: Ball 2-2: Foul Ball, location: 2F 2-2: Ground out 4-3 (Groundball, 4, EV 84.4 MPH) Fernando Vazquez scores
|
|
Batting: LHB Stephen DeMatties
|
0-0: Hit by Pitch
|
|
Pitching: RHP John Minarcin
|
|
|
Batting: LHB John Hughes
|
0-0: SINGLE (Flyball, 3D, EV 94.4 MPH) Stephen DeMatties to second Runner from 2nd tries for 3rd, SAFE, no throw by RF
|
|
Batting: RHB Alexis Infante
|
0-0: SINGLE (Groundball, 6MD, EV 108.1 MPH) Stephen DeMatties scores John Hughes to second
|
|
Batting: RHB John Lohse
|
0-0: Called Strike 0-1: Ball 1-1: Ball 2-1: Ball 3-1: Fly out, F8 (Flyball, 8RD, EV 90.0 MPH)
|
| Bottom of the 2nd over - 8 runs, 7 hits, 0 errors, 2 left on base; Burlington 3 - Greensboro 8 |
| TOP OF THE 3RD |
|
Burlington Senators batting - Pitching for Greensboro Hornets : RHP Mark Dacko
|
|
Batting: LHB John Skorochocki
|
0-0: Called Strike 0-1: Fly out, F8 (Flyball, 8LS, EV 80.0 MPH)
|
|
Batting: RHB Rick Schu
|
0-0: Ball 1-0: Ball 2-0: Fly out, F8 (Flyball, 78D, EV 88.1 MPH)
|
|
Batting: RHB Joseph Lorenz
|
0-0: Ball 1-0: Called Strike 1-1: Foul Ball, location: 2F 1-2: Foul Ball, location: 2F 1-2: SINGLE (Groundball, 6MD, EV 105.6 MPH)
|
|
Batting: LHB Jesus Sandoval
|
0-0: Ball 1-0: Foul Ball, location: 2F 1-1: Ground out 5-3 (Groundball, 56S, EV 86.3 MPH)
|
| Top of the 3rd over - 0 runs, 1 hit, 0 errors, 1 left on base; Burlington 3 - Greensboro 8 |
| BOTTOM OF THE 3RD |
|
Greensboro Hornets batting - Pitching for Burlington Senators : RHP John Minarcin
|
|
Batting: RHB Armando Moreno
|
0-0: Ground out 5-3 (Groundball, 56S, EV 78.1 MPH)
|
|
Batting: LHB Ozzie Guillen
|
0-0: Called Strike 0-1: SINGLE (Line Drive, 7S, EV 106.3 MPH)
|
|
Batting: LHB Fernando Vazquez
|
0-0: Called Strike 0-1: Ball 1-1: Ball 2-1: Foul Ball, location: 2F 2-2: Ball 3-2: Ground out 3-1 (Groundball, 3L, EV 111.3 MPH) Ozzie Guillen to second
|
|
Batting: RHB Greg Jelks
|
0-0: Called Strike 0-1: Ball 1-1: Ball 2-1: Called Strike 2-2: Foul Ball, location: 2F 2-2: Fly out, F8 (Flyball, 8LXD, EV 91.9 MPH)
|
| Bottom of the 3rd over - 0 runs, 1 hit, 0 errors, 1 left on base; Burlington 3 - Greensboro 8 |
| TOP OF THE 4TH |
|
Burlington Senators batting - Pitching for Greensboro Hornets : RHP Mark Dacko
|
|
Batting: RHB Glenn Millhauser
|
0-0: Foul Ball, location: 2F 0-1: Ball 1-1: Ball 2-1: Ball 3-1: Base on Balls
|
|
Batting: RHB Ronnie Mears
|
0-0: Called Strike 0-1: Foul Ball, location: 2F 0-2: SINGLE (Line Drive, 6D, EV 98.1 MPH) Glenn Millhauser to second
|
|
Batting: RHB Brad Bauman
|
0-0: Foul Ball, location: 2F 0-1: Ball 1-1: Grounds into double play, 5-4-3 (Groundball, 25, EV 87.5 MPH) Glenn Millhauser to third
|
|
Batting: LHB Daniel Spain
|
0-0: Ball 1-0: Called Strike 1-1: Ball 2-1: Reached via error on a dropped throw from 2B, E3 (Groundball, 34D, EV 88.1 MPH) Glenn Millhauser scores
|
|
Batting: RHB Raymond Bresnahan
|
0-0: Ball 1-0: Ball 2-0: Foul Ball, location: 2F 2-1: Fly out, F3 (Popup, 3S, EV 79.4 MPH)
|
| Top of the 4th over - 1 run, 1 hit, 1 error, 1 left on base; Burlington 4 - Greensboro 8 |
| BOTTOM OF THE 4TH |
|
Greensboro Hornets batting - Pitching for Burlington Senators : RHP John Minarcin
|
|
Batting: LHB Francisco Melendez
|
0-0: Ball 1-0: Called Strike 1-1: Ball 2-1: Ball 3-1: Base on Balls
|
|
Batting: LHB Stephen DeMatties
|
0-0: Called Strike 0-1: Fielders Choice at 2nd, 1-4 (Groundball, 25, EV 72.5 MPH)
|
|
Batting: LHB John Hughes
|
0-0: Ball 1-0: Ball 2-0: Called Strike 2-1: Fly out, F6 (Popup, 6MS, EV 61.9 MPH)
|
|
Batting: RHB Alexis Infante
|
0-0: Ball 1-0: Foul Ball, location: 2F 1-1: Fielders Choice at 2nd, 5-4 (Groundball, 56, EV 83.8 MPH)
|
| Bottom of the 4th over - 0 runs, 0 hits, 0 errors, 1 left on base; Burlington 4 - Greensboro 8 |
| TOP OF THE 5TH |
|
Burlington Senators batting - Pitching for Greensboro Hornets : RHP Mark Dacko
|
|
Batting: LHB John Skorochocki
|
0-0: Ball 1-0: Ball 2-0: Foul Ball, location: 2F 2-1: Foul Ball, location: 2F 2-2: Foul Ball, location: 2F 2-2: Strikes out looking
|
|
Batting: RHB Rick Schu
|
0-0: Called Strike 0-1: Foul Ball, location: 2F 0-2: Ball 1-2: Foul Ball, location: 2F 1-2: Strikes out swinging
|
|
Batting: RHB Joseph Lorenz
|
0-0: Called Strike 0-1: Ball 1-1: Ball 2-1: SINGLE (Line Drive, 8RS, EV 108.8 MPH)
|
|
Batting: LHB Jesus Sandoval
|
0-0: Reached on error, E6 (Groundball, 6MS, EV 70.0 MPH) Joseph Lorenz to second
|
|
Batting: RHB Glenn Millhauser
|
0-0: Reached on error, E5 (Groundball, 5L, EV 83.8 MPH) Joseph Lorenz to third Jesus Sandoval to second
|
|
Batting: RHB Ronnie Mears
|
0-0: Called Strike 0-1: SINGLE (Line Drive, 9S, EV 103.8 MPH) Joseph Lorenz scores Jesus Sandoval to third Glenn Millhauser to second Runner from 3rd tries for Home, SAFE, throw by RF to home
|
|
Batting: RHB Brad Bauman
|
0-0: Fielders Choice at 2nd, 5-4 (Groundball, 56, EV 76.9 MPH)
|
| Top of the 5th over - 2 runs, 2 hits, 2 errors, 2 left on base; Burlington 6 - Greensboro 8 |
| BOTTOM OF THE 5TH |
|
Greensboro Hornets batting - Pitching for Burlington Senators : RHP John Minarcin
|
|
Batting: RHB John Lohse
|
0-0: Ball 1-0: Ball 2-0: Ball 3-0: Called Strike 3-1: Ground out 6-3 (Groundball, 6S, EV 77.5 MPH)
|
|
Batting: RHB Armando Moreno
|
0-0: Ball 1-0: Swinging Strike 1-1: Fly out, F7 (Flyball, 7LS, EV 90.6 MPH)
|
|
Batting: LHB Ozzie Guillen
|
0-0: Ground out 1-3 (Groundball, 13S, EV 64.4 MPH)
|
| Bottom of the 5th over - 0 runs, 0 hits, 0 errors, 0 left on base; Burlington 6 - Greensboro 8 |
| TOP OF THE 6TH |
|
Burlington Senators batting - Pitching for Greensboro Hornets : RHP Mark Dacko
|
|
Batting: LHB Daniel Spain
|
0-0: Reached on error, E6 (Flyball, 56D, EV 93.8 MPH)
|
|
Batting: RHB Raymond Bresnahan
|
0-0: Ball 1-0: Called Strike 1-1: Reached on error, E6 (Groundball, 6, EV 85.0 MPH) Daniel Spain to second
|
|
Batting: LHB John Skorochocki
|
0-0: Fly out, F5 (Flyball, 5D, EV 84.4 MPH)
|
|
Batting: RHB Rick Schu
|
0-0: DOUBLE (Line Drive, 89XD, EV 103.8 MPH) Daniel Spain scores Raymond Bresnahan to third Runner from 3rd tries for Home, SAFE, no throw by RF
|
|
Pitching: LHP Alan Walker
|
|
|
Batting: RHB Joseph Lorenz
|
0-0: Ball 1-0: Swinging Strike 1-1: 2-RUN HOME RUN (Flyball, 7D, EV 102.5 MPH), Distance : 385 ft
|
|
Batting: LHB Jesus Sandoval
|
0-0: Called Strike 0-1: SINGLE (Groundball, 34D, EV 103.1 MPH)
|
|
Batting: RHB Glenn Millhauser
|
0-0: Ball 1-0: Called Strike 1-1: Called Strike 1-2: Ball 2-2: Strikes out swinging
|
|
Batting: RHB Ronnie Mears
|
0-0: Ball 1-0: Ball Balk! Jesus Sandoval to second 2-0: Called Strike 2-1: Foul Ball, location: 2F 2-2: Ball 3-2: Strikes out swinging
|
| Top of the 6th over - 4 runs, 3 hits, 2 errors, 1 left on base; Burlington 10 - Greensboro 8 |
| BOTTOM OF THE 6TH |
|
Greensboro Hornets batting - Pitching for Burlington Senators : RHP John Minarcin
|
|
Batting: LHB Fernando Vazquez
|
0-0: Ball 1-0: Foul Ball, location: 2F 1-1: Ball 2-1: SINGLE (Popup, 56D, EV 61.9 MPH)
|
|
Batting: RHB Greg Jelks
|
0-0: Ball 1-0: Ball 2-0: Fly out, F7 (Flyball, 78M, EV 76.3 MPH)
|
|
Batting: LHB Francisco Melendez
|
0-0: Ball 1-0: Swinging Strike 1-1: SINGLE (Flyball, 89S, EV 92.5 MPH) Fernando Vazquez to second
|
|
Batting: LHB Stephen DeMatties
|
0-0: Foul Ball, location: 2F 0-1: Swinging Strike 0-2: Ball 1-2: Foul Ball, location: 2F 1-2: Ball 2-2: Strikes out swinging
|
|
Pitching: RHP Ramon Fernandez
|
|
|
Batting: LHB John Hughes
|
0-0: Called Strike 0-1: Ball 1-1: Swinging Strike 1-2: Foul Ball, location: 2F 1-2: Ball 2-2: Foul Ball, location: 2F 2-2: Ball 3-2: Base on Balls Fernando Vazquez to third Francisco Melendez to second
|
|
Batting: RHB Alexis Infante
|
0-0: Ball 1-0: Ball 2-0: Ball 3-0: Base on Balls Fernando Vazquez scores Francisco Melendez to third John Hughes to second
|
|
Batting: RHB John Lohse
|
0-0: Ball 1-0: Ball 2-0: Foul Ball, location: 2F 2-1: Called Strike 2-2: Ball 3-2: Foul Ball, location: 2F 3-2: Base on Balls Francisco Melendez scores John Hughes to third Alexis Infante to second
|
|
Batting: RHB Armando Moreno
|
0-0: Ball 1-0: Foul Ball, location: 2F 1-1: GRAND SLAM HOME RUN (Flyball, 7D, EV 96.9 MPH), Distance : 373 ft
|
|
Pitching: RHP Ronald Patry
|
|
|
Batting: LHB Ozzie Guillen
|
0-0: Ball 1-0: Ball 2-0: Foul Ball, location: 2F 2-1: Fly out, F8 (Flyball, 8RS, EV 92.5 MPH)
|
| Bottom of the 6th over - 6 runs, 3 hits, 0 errors, 0 left on base; Burlington 10 - Greensboro 14 |
| TOP OF THE 7TH |
|
Burlington Senators batting - Pitching for Greensboro Hornets : LHP Alan Walker
|
|
Batting: RHB Brad Bauman
|
0-0: Called Strike 0-1: Ground out U3 (Groundball, 34, EV 81.9 MPH)
|
|
Batting: LHB Daniel Spain
|
0-0: Fly out, F7 (Flyball, 78S, EV 81.3 MPH)
|
|
Batting: RHB Raymond Bresnahan
|
0-0: Ground out 4-3 (Groundball, 4M, EV 111.9 MPH)
|
| Top of the 7th over - 0 runs, 0 hits, 0 errors, 0 left on base; Burlington 10 - Greensboro 14 |
| BOTTOM OF THE 7TH |
|
Greensboro Hornets batting - Pitching for Burlington Senators : RHP Ronald Patry
|
|
Batting: LHB Fernando Vazquez
|
0-0: Called Strike 0-1: Ball 1-1: Ground out U3 (Groundball, 3, EV 75.6 MPH)
|
|
Batting: RHB Greg Jelks
|
0-0: Ball 1-0: DOUBLE (Line Drive, 89M, EV 104.4 MPH)
|
|
Batting: LHB Francisco Melendez
|
0-0: Swinging Strike 0-1: Foul Ball, location: 2F 0-2: Foul Ball, location: 2F 0-2: Ball 1-2: Ball 2-2: Strikes out swinging
|
|
Batting: LHB Stephen DeMatties
|
0-0: Ball 1-0: Called Strike 1-1: Foul Ball, location: 2F 1-2: Strikes out looking
|
| Bottom of the 7th over - 0 runs, 1 hit, 0 errors, 1 left on base; Burlington 10 - Greensboro 14 |
| TOP OF THE 8TH |
|
Burlington Senators batting - Pitching for Greensboro Hornets : LHP Alan Walker
|
|
Batting: LHB John Skorochocki
|
0-0: Ball 1-0: Called Strike 1-1: Ball 2-1: Fly out, F4 (Flyball, 34D, EV 82.5 MPH)
|
|
Batting: RHB Rick Schu
|
0-0: Swinging Strike 0-1: Ball 1-1: Called Strike 1-2: Foul Ball, location: 2F 1-2: Foul Ball, location: 2F 1-2: Foul Ball, location: 2F 1-2: Strikes out swinging
|
|
Batting: RHB Joseph Lorenz
|
0-0: Foul Ball, location: 2F 0-1: Fly out, F6 (Popup, P, EV 73.1 MPH)
|
| Top of the 8th over - 0 runs, 0 hits, 0 errors, 0 left on base; Burlington 10 - Greensboro 14 |
| BOTTOM OF THE 8TH |
|
Greensboro Hornets batting - Pitching for Burlington Senators : RHP Ronald Patry
|
|
Batting: LHB John Hughes
|
0-0: DOUBLE (Line Drive, 8LXD, EV 104.4 MPH)
|
|
Batting: RHB Alexis Infante
|
0-0: Ball 1-0: Ball 2-0: Called Strike 2-1: Ball 3-1: Foul Ball, location: 2F 3-2: Foul Ball, location: 2F 3-2: Base on Balls
|
|
Batting: RHB John Lohse
|
0-0: Bunt missed! 0-1: Sac Bunt to 25 - play at first, batter OUT! 5-4 John Hughes to third Alexis Infante to second
|
|
Batting: RHB Armando Moreno
|
Balk! John Hughes scores Alexis Infante to third 0-0: Ball 1-0: Foul Ball, location: 2F 1-1: Ball 2-1: Ball 3-1: Foul Ball, location: 2F 3-2: Reached on error, E6 (Groundball, 6, EV 85.6 MPH) Alexis Infante scores
|
|
Batting: LHB Ozzie Guillen
|
0-0: Ball 1-0: Fielders Choice at 2nd, 5-4 (Groundball, 5D, EV 87.5 MPH)
|
|
Batting: LHB Fernando Vazquez
|
0-0: Ball Wild Pitch! Ozzie Guillen to second 1-0: Called Strike 1-1: Ball 2-1: Ball 3-1: Base on Balls
|
|
Batting: RHB Greg Jelks
|
0-0: Ball 1-0: Ball 2-0: Ball 3-0: Called Strike 3-1: Called Strike 3-2: Base on Balls Ozzie Guillen to third Fernando Vazquez to second
|
|
Batting: LHB Francisco Melendez
|
0-0: Ball 1-0: Ball 2-0: Foul Ball, location: 2F 2-1: Ball 3-1: Base on Balls Ozzie Guillen scores Fernando Vazquez to third Greg Jelks to second
|
|
Batting: LHB Stephen DeMatties
|
0-0: Ball 1-0: Ball 2-0: Called Strike 2-1: Ball 3-1: Base on Balls Fernando Vazquez scores Greg Jelks to third Francisco Melendez to second
|
|
Pitching: RHP Robert Murphy
|
|
|
Batting: LHB John Hughes
|
0-0: Ground out 5-3 (Groundball, 56, EV 92.5 MPH)
|
| Bottom of the 8th over - 4 runs, 1 hit, 1 error, 3 left on base; Burlington 10 - Greensboro 18 |
| TOP OF THE 9TH |
|
Burlington Senators batting - Pitching for Greensboro Hornets : LHP Alan Walker
|
|
Batting: LHB Jesus Sandoval
|
0-0: Called Strike 0-1: Called Strike 0-2: Ball 1-2: Strikes out swinging
|
|
Batting: RHB Glenn Millhauser
|
0-0: Called Strike 0-1: Foul Ball, location: 2F 0-2: Fly out, F8 (Flyball, 8RS, EV 83.8 MPH)
|
|
Batting: RHB Ronnie Mears
|
0-0: Ball 1-0: Called Strike 1-1: SINGLE (Groundball, 6MD, EV 94.4 MPH)
|
|
Pinch Hitting: RHB David Burroughs
|
0-0: Called Strike 0-1: Ball 1-1: Called Strike 1-2: SINGLE (Flyball, 89S, EV 83.1 MPH) Ronnie Mears to second
|
|
Pinch Hitting: RHB Richard Hatcher
|
0-0: Ball 1-0: Ball 2-0: Foul Ball, location: 2F 2-1: Ball 3-1: Ground out 1-3 (Groundball, P, EV 66.9 MPH)
|
| Top of the 9th over - 0 runs, 2 hits, 0 errors, 2 left on base; Burlington 10 - Greensboro 18 |
|